[ AOE2 MATCH · #504600941 ]
UnrankedSaracens vs Magyars
Player's team · WIN
Rival team · LOSS
[ REPLAY ANALYSIS · EXTRACTED FROM THE RECORDED GAME ]
Feudal
9:42
Castle
22:53
Imperial
—
| APM avg | 37.5 |
| APM peak | 78 |
| eAPM avg | 16.5 |
| Villagers / military | 81 / 82 |
Focus
⚔️ 35.3% · 🌾 64.7%
Archer ×78 · Spearman ×4
Feudal
8:40
Castle
23:52
Imperial
—
| APM avg | 66.0 |
| APM peak | 119 |
| eAPM avg | 26.5 |
| Villagers / military | 62 / 51 |
Focus
⚔️ 45.1% · 🌾 54.9%
Cavalry Archer ×38 · Skirmisher ×7 · Scout Cavalry ×5 · Mangonel ×1
Match map
Initial resources + every placement click. Lines = walls · curves = elevation contours. ◆ gold · ⬟ stone · ● berries · ✦ relic · ◌ wall gap
Your base· ✓ Closed at 22:53 · 54t walls · no gate
Craftmk's base· ✓ Closed at 23:52 · 63t walls · 1 gate(s)
Smoothed initial terrain · ◌ = detected wall gap · hover for details
Inputs per minute
— feraoe - - Craftmk
Build order — feraoe
First 150 of 237 actions detected
| 0:00 | Queue | Villager (Male) |
| 0:01 | Queue | Villager (Male) |
| 0:01 | Queue | Villager (Male) |
| 0:02 | Build | House |
| 0:02 | Build | House |
| 0:20 | Queue | Villager (Male) |
| 1:27 | Queue | Villager (Male) |
| 2:00 | Queue | Villager (Male) |
| 2:15 | Queue | Villager (Male) |
| 2:53 | Build | Lumber Camp |
| 2:54 | Queue | Villager (Male) |
| 3:02 | Queue | Villager (Male) |
| 3:33 | Queue | Villager (Male) |
| 3:48 | Build | House |
| 4:03 | Queue | Villager (Male) |
| 4:19 | Queue | Villager (Male) |
| 4:41 | Build | Mill |
| 4:57 | Queue | Villager (Male) |
| 4:57 | Queue | Villager (Male) |
| 5:40 | Queue | Villager (Male) |
| 5:53 | Build | House |
| 6:01 | Queue | Villager (Male) |
| 6:27 | Queue | Villager (Male) |
| 6:38 | Research | Loom |
| 7:06 | Build | Mining Camp |
| 7:32 | Research | Feudal Age |
| 8:03 | Build | Barracks |
| 8:07 | Build | House |
| 8:31 | Build | Palisade Wall |
| 8:36 | Build | Palisade Wall |
| 8:38 | Queue | Villager (Male) |
| 8:43 | Build | Palisade Wall |
| 8:44 | Build | Palisade Wall |
| 9:01 | Queue | Villager (Male) |
| 9:07 | Build | Palisade Wall |
| 9:18 | Build | Palisade Wall |
| 9:24 | Build | Palisade Wall |
| 9:42 | Age | Feudal Age |
| 9:47 | Queue | Spearman |
| 10:05 | Build | Palisade Wall |
| 10:10 | Build | Palisade Wall |
| 10:20 | Queue | Villager (Male) |
| 10:27 | Build | Archery Range |
| 10:47 | Queue | Villager (Male) |
| 11:07 | Build | House |
| 11:16 | Queue | Villager (Male) |
| 11:24 | Queue | Archer |
| 11:24 | Queue | Archer |
| 11:36 | Build | Palisade Wall |
| 11:42 | Queue | Villager (Male) |
| 11:47 | Build | Mill |
| 11:58 | Build | Blacksmith |
| 11:59 | Research | Horse Collar |
| 12:08 | Build | Farm |
| 12:08 | Build | Farm |
| 12:09 | Build | Farm |
| 12:09 | Build | Farm |
| 12:09 | Build | Farm |
| 12:14 | Queue | Villager (Male) |
| 12:31 | Queue | Spearman |
| 12:35 | Build | Farm |
| 12:37 | Build | Farm |
| 12:44 | Build | House |
| 12:52 | Queue | Villager (Male) |
| 12:56 | Build | Farm |
| 13:09 | Queue | Archer |
| 13:10 | Queue | Spearman |
| 13:14 | Build | House |
| 13:27 | Queue | Villager (Male) |
| 13:36 | Queue | Archer |
| 13:51 | Queue | Villager (Male) |
| 13:53 | Build | Farm |
| 13:56 | Build | Farm |
| 14:12 | Queue | Archer |
| 14:14 | Queue | Villager (Male) |
| 14:19 | Build | Farm |
| 14:28 | Research | Double-Bit Axe |
| 14:28 | Research | Double-Bit Axe |
| 14:45 | Queue | Villager (Male) |
| 14:56 | Build | House |
| 15:00 | Queue | Spearman |
| 15:06 | Queue | Archer |
| 15:07 | Queue | Villager (Male) |
| 15:16 | Build | Farm |
| 15:19 | Queue | Villager (Male) |
| 15:25 | Build | Farm |
| 15:27 | Queue | Archer |
| 15:28 | Queue | Villager (Male) |
| 15:37 | Build | House |
| 15:49 | Build | Palisade Wall |
| 15:55 | Queue | Villager (Male) |
| 15:57 | Build | Blacksmith |
| 16:06 | Build | House |
| 16:15 | Queue | Villager (Male) |
| 16:22 | Build | Farm |
| 16:24 | Build | Farm |
| 16:29 | Build | Palisade Wall |
| 16:56 | Build | Farm |
| 16:58 | Research | Fletching |
| 17:04 | Build | Farm |
| 17:08 | Build | Farm |
| 17:18 | Queue | Villager (Male) |
| 17:25 | Build | Market |
| 17:28 | Build | Farm |
| 17:29 | Build | Farm |
| 17:30 | Queue | Villager (Male) |
| 17:32 | Build | Farm |
| 17:35 | Build | Farm |
| 17:45 | Queue | Archer |
| 17:45 | Queue | Archer |
| 17:54 | Build | House |
| 18:05 | Research | Wheelbarrow |
| 18:29 | Build | Farm |
| 18:30 | Build | Farm |
| 18:35 | Research | Padded Archer Armor |
| 18:36 | Queue | Villager (Male) |
| 18:54 | Queue | Villager (Male) |
| 19:39 | Build | Palisade Wall |
| 19:39 | Build | Farm |
| 19:57 | Build | House |
| 20:07 | Research | Castle Age |
| 20:13 | Build | Archery Range |
| 20:32 | Research | Gold Mining |
| 20:43 | Build | Archery Range |
| 20:47 | Queue | Archer |
| 20:47 | Queue | Archer |
| 21:20 | Queue | Archer ×5 |
| 21:28 | Queue | Archer ×5 |
| 21:53 | Queue | Archer |
| 21:54 | Queue | Archer |
| 21:54 | Queue | Archer |
| 22:17 | Queue | Villager (Male) |
| 22:21 | Queue | Archer |
| 22:22 | Queue | Archer |
| 22:31 | Build | House |
| 22:32 | Build | House |
| 22:32 | Build | House |
| 22:53 | Age | Castle Age |
| 22:55 | Research | Crossbowman (upgrade) |
| 22:56 | Research | Bodkin Arrow |
| 23:17 | Research | Bow Saw |
| 23:32 | Queue | Archer |
| 23:32 | Queue | Archer |
| 23:34 | Build | Town Center |
| 23:40 | Queue | Villager (Male) |
| 23:44 | Build | House |
| 23:50 | Build | House |
| 23:51 | Build | House |
| 23:52 | Build | House |
| 23:55 | Queue | Villager (Male) |
Build order — Craftmk
First 150 of 208 actions detected
| 0:01 | Queue | Villager (Male) ×4 |
| 0:02 | Build | House |
| 0:04 | Build | House |
| 1:19 | Queue | Villager (Male) |
| 1:58 | Queue | Villager (Male) |
| 2:09 | Build | Lumber Camp |
| 2:25 | Queue | Villager (Male) |
| 2:26 | Queue | Villager (Male) |
| 2:26 | Queue | Villager (Male) |
| 2:41 | Queue | Villager (Male) |
| 3:09 | Queue | Villager (Male) |
| 3:38 | Queue | Villager (Male) |
| 3:49 | Build | House |
| 4:19 | Queue | Villager (Male) |
| 4:42 | Build | Mill |
| 4:56 | Research | Loom |
| 5:26 | Queue | Villager (Male) |
| 5:48 | Queue | Villager (Male) |
| 6:30 | Research | Feudal Age |
| 7:44 | Build | Barracks |
| 7:45 | Build | House |
| 8:30 | Queue | Villager (Male) |
| 8:40 | Age | Feudal Age |
| 9:02 | Queue | Villager (Male) |
| 9:03 | Build | Stable |
| 9:17 | Research | Double-Bit Axe |
| 9:17 | Research | Double-Bit Axe |
| 9:19 | Queue | Villager (Male) |
| 9:38 | Queue | Scout Cavalry |
| 9:40 | Queue | Villager (Male) |
| 9:43 | Build | House |
| 10:05 | Queue | Scout Cavalry |
| 10:21 | Queue | Villager (Male) |
| 10:36 | Queue | Scout Cavalry |
| 10:42 | Build | House |
| 10:51 | Queue | Villager (Male) |
| 11:00 | Research | Horse Collar |
| 11:03 | Build | Farm |
| 11:03 | Build | Farm |
| 11:03 | Build | Farm |
| 11:03 | Build | Farm |
| 11:03 | Build | Farm |
| 11:13 | Queue | Villager (Male) |
| 11:38 | Build | Farm |
| 11:43 | Queue | Villager (Male) |
| 11:55 | Build | Mining Camp |
| 12:03 | Queue | Villager (Male) |
| 12:15 | Build | Watch Tower |
| 12:22 | Queue | Villager (Male) |
| 12:41 | Queue | Scout Cavalry |
| 12:45 | Queue | Villager (Male) |
| 12:59 | Queue | Villager (Male) |
| 13:09 | Build | Archery Range |
| 13:11 | Build | House |
| 13:24 | Build | Watch Tower |
| 13:32 | Queue | Scout Cavalry |
| 13:37 | Build | House |
| 13:38 | Build | Palisade Wall |
| 13:48 | Queue | Villager (Male) |
| 13:49 | Build | Farm |
| 13:56 | Build | House |
| 13:59 | Build | Palisade Gate |
| 14:00 | Queue | Skirmisher |
| 14:02 | Queue | Villager (Male) |
| 14:12 | Build | Watch Tower |
| 14:15 | Queue | Villager (Male) |
| 14:17 | Queue | Skirmisher |
| 14:27 | Build | Farm |
| 14:33 | Build | House |
| 14:41 | Build | Palisade Wall |
| 14:53 | Build | Palisade Wall |
| 14:57 | Build | Palisade Wall |
| 15:03 | Queue | Villager (Male) |
| 15:05 | Queue | Skirmisher |
| 15:09 | Build | Palisade Wall |
| 15:10 | Build | Palisade Wall |
| 15:11 | Build | Palisade Wall |
| 15:15 | Build | Lumber Camp |
| 15:38 | Queue | Villager (Male) |
| 15:41 | Build | Palisade Wall |
| 15:44 | Build | Palisade Wall |
| 15:58 | Queue | Skirmisher |
| 15:58 | Queue | Villager (Male) |
| 16:19 | Queue | Villager (Male) |
| 16:20 | Build | House |
| 16:23 | Queue | Skirmisher |
| 16:50 | Build | Watch Tower |
| 16:51 | Queue | Villager (Male) |
| 17:07 | Queue | Villager (Male) |
| 17:09 | Build | Farm |
| 17:09 | Build | Farm |
| 17:10 | Build | Farm |
| 17:10 | Build | Farm |
| 17:21 | Queue | Skirmisher |
| 17:22 | Queue | Villager (Male) |
| 17:31 | Build | Palisade Wall |
| 17:31 | Build | Palisade Wall |
| 17:32 | Build | Palisade Wall |
| 17:40 | Build | Palisade Wall |
| 17:41 | Build | Palisade Wall |
| 17:53 | Queue | Villager (Male) |
| 17:57 | Build | House |
| 18:15 | Build | Farm |
| 18:16 | Build | Farm |
| 18:17 | Build | Farm |
| 18:22 | Build | Farm |
| 18:25 | Build | Farm |
| 18:26 | Queue | Villager (Male) |
| 18:29 | Build | Mining Camp |
| 18:33 | Build | House |
| 18:48 | Queue | Skirmisher |
| 18:48 | Queue | Villager (Male) |
| 19:24 | Queue | Villager (Male) |
| 19:26 | Build | Market |
| 19:33 | Build | Farm |
| 19:44 | Build | Lumber Camp |
| 19:47 | Queue | Villager (Male) |
| 20:06 | Build | House |
| 20:07 | Build | House |
| 20:08 | Build | House |
| 20:16 | Queue | Villager (Male) |
| 20:28 | Research | Gold Mining |
| 20:28 | Research | Gold Mining |
| 20:38 | Build | House |
| 20:43 | Build | Palisade Wall |
| 20:54 | Queue | Villager (Male) |
| 21:07 | Build | Stone Wall |
| 21:08 | Build | Stone Wall |
| 21:12 | Research | Castle Age |
| 21:13 | Research | Castle Age |
| 21:17 | Build | Stone Wall |
| 21:30 | Build | Stone Wall |
| 21:58 | Build | Stone Wall |
| 22:11 | Build | Blacksmith |
| 22:42 | Research | Fletching |
| 22:42 | Research | Padded Archer Armor |
| 22:42 | Research | Padded Archer Armor |
| 22:47 | Build | Archery Range |
| 22:48 | Build | Archery Range |
| 22:50 | Build | Archery Range |
| 22:53 | Research | Bloodlines |
| 23:07 | Queue | Villager (Male) |
| 23:52 | Age | Castle Age |
| 23:58 | Queue | Cavalry Archer ×5 |
| 24:03 | Build | University |
| 24:04 | Build | Farm |
| 24:07 | Queue | Villager (Male) |
| 24:11 | Research | Bodkin Arrow |
| 24:26 | Research | Husbandry |
| 24:27 | Research | Husbandry |
Match timeline
| 7:44 | Craftmk · first_building Barracks |
| 8:03 | feraoe · first_building Barracks |
| 8:31 | feraoe · wall_segment Palisade Wall x9 |
| 8:36 | feraoe · wall_segment Palisade Wall x4 |
| 8:40 | Craftmk · age_up feudal |
| 8:43 | feraoe · wall_segment Palisade Wall x10 |
| 8:44 | feraoe · wall_segment Palisade Wall x1 |
| 9:03 | Craftmk · first_building Stable |
| 9:07 | feraoe · wall_segment Palisade Wall x6 |
| 9:18 | feraoe · wall_segment Palisade Wall x5 |
| 9:24 | feraoe · wall_segment Palisade Wall x6 |
| 9:42 | feraoe · age_up feudal |
| 10:05 | feraoe · wall_segment Palisade Wall x6 |
| 10:10 | feraoe · wall_segment Palisade Wall x5 |
| 10:27 | feraoe · first_building Archery Range |
| 11:36 | feraoe · wall_segment Palisade Wall x1 |
| 13:09 | Craftmk · first_building Archery Range |
| 13:38 | Craftmk · wall_segment Palisade Wall x1 |
| 14:41 | Craftmk · wall_segment Palisade Wall x1 |
| 14:53 | Craftmk · wall_segment Palisade Wall x1 |
| 14:57 | Craftmk · wall_segment Palisade Wall x1 |
| 15:09 | Craftmk · wall_segment Palisade Wall x1 |
| 15:10 | Craftmk · wall_segment Palisade Wall x1 |
| 15:11 | Craftmk · wall_segment Palisade Wall x1 |
| 15:41 | Craftmk · wall_segment Palisade Wall x7 |
| 15:44 | Craftmk · wall_segment Palisade Wall x9 |
| 15:49 | feraoe · wall_segment Palisade Wall x1 |
| 16:29 | feraoe · wall_segment Palisade Wall x1 |
| 17:31 | Craftmk · wall_segment Palisade Wall x1 |
| 17:31 | Craftmk · wall_segment Palisade Wall x2 |
| 17:32 | Craftmk · wall_segment Palisade Wall x1 |
| 17:40 | Craftmk · wall_segment Palisade Wall x1 |
| 17:41 | Craftmk · wall_segment Palisade Wall x1 |
| 19:39 | feraoe · wall_segment Palisade Wall x1 |
| 19:49 | feraoe · first_market_sell 100 wood |
| 19:51 | feraoe · first_market_buy 100 food |
| 20:43 | Craftmk · wall_segment Palisade Wall x8 |
| 21:07 | Craftmk · wall_segment Stone Wall x1 |
| 21:08 | Craftmk · wall_segment Stone Wall x3 |
| 21:17 | Craftmk · wall_segment Stone Wall x12 |
| 21:30 | Craftmk · wall_segment Stone Wall x8 |
| 21:58 | Craftmk · wall_segment Stone Wall x3 |
| 22:53 | feraoe · age_up castle |
| 23:52 | Craftmk · age_up castle |
| 24:55 | Craftmk · first_market_sell 100 stone |
| 26:03 | Craftmk · first_market_buy 100 wood |
| 30:11 | Craftmk · first_building Siege Workshop |
| 32:23 | Craftmk · resign |
[ AI ANALYSIS · 1 CREDIT ]
What really happened in this match?
Wolo.gg analyzes every decision: build order, eco, micro, common mistakes by bracket. Personalized analysis on WhatsApp or Discord in 30 seconds.
Civ guide
Saracens
Perfil
Jugador #25246525